[ AOE2 MATCH · #463023870 ]
UnrankedLithuanians vs Malians
[ REPLAY ANALYSIS · EXTRACTED FROM THE RECORDED GAME ]
Feudal
10:03
Castle
13:50
Imperial
40:20
| APM avg | 55.6 |
| APM peak | 149 |
| eAPM avg | 19.4 |
| Villagers / military | 141 / 624 |
Focus
⚔️ 39.1% · 🌾 60.9%
Knight ×475 · Scout Cavalry ×144 · Trade Cart ×5 · Trebuchet (Packed) ×3 · Monk ×2
Feudal
10:15
Castle
22:09
Imperial
39:36
| APM avg | 22.3 |
| APM peak | 51 |
| eAPM avg | 13.3 |
| Villagers / military | 97 / 581 |
Focus
⚔️ 46.5% · 🌾 53.5%
Gbeto ×123 · Scout Cavalry ×118 · Spearman ×114 · Archer ×112 · Skirmisher ×60 · Camel Scout ×37
Feudal
10:27
Castle
22:03
Imperial
36:08
| APM avg | 25.1 |
| APM peak | 78 |
| eAPM avg | 13.3 |
| Villagers / military | 143 / 478 |
Focus
⚔️ 45.0% · 🌾 55.0%
Skirmisher ×154 · Eagle Scout ×145 · Archer ×103 · Plumed Archer ×55 · Trebuchet (Packed) ×21 · Trade Cart ×13
Feudal
9:56
Castle
13:27
Imperial
33:56
| APM avg | 36.5 |
| APM peak | 141 |
| eAPM avg | 23.5 |
| Villagers / military | 267 / 575 |
Focus
⚔️ 45.8% · 🌾 54.2%
Archer ×281 · Spearman ×281 · Unknown (2550) ×257 · Trade Cart ×31 · Unknown (2582) ×24 · Trebuchet (Packed) ×10
Feudal
10:13
Castle
22:35
Imperial
39:52
| APM avg | 55.5 |
| APM peak | 127 |
| eAPM avg | 28.5 |
| Villagers / military | 136 / 754 |
Focus
⚔️ 48.0% · 🌾 52.0%
Scout Cavalry ×357 · Skirmisher ×241 · Steppe Lancer ×58 · Cavalry Archer ×54 · Trebuchet (Packed) ×20 · Trade Cart ×18
Feudal
11:15
Castle
18:54
Imperial
46:27
| APM avg | 26.8 |
| APM peak | 80 |
| eAPM avg | 10.2 |
| Villagers / military | 82 / 158 |
Focus
⚔️ 43.2% · 🌾 56.8%
Camel Scout ×134 · Knight ×20 · Spearman ×2 · Mangonel ×1 · Trebuchet (Packed) ×1
Match map
Initial resources + every placement click. Lines = walls · curves = elevation contours. ◆ gold · ⬟ stone · ● berries · ✦ relic · ◌ wall gap
Your base· ✓ Map-separated
PJtheDcoy's base· ✓ Map-separated
[DCNC] RicardoPN's base· ✓ Map-separated
Quando's base· ✓ Map-separated
[DCNC] Brunin's base· ✓ Map-separated
Fr4ggi's base· ✓ Map-separated
Smoothed initial terrain · ◌ = detected wall gap · hover for details
Inputs per minute
— [DCNC] Poucas Trancas - - PJtheDcoy
Build order — [DCNC] Poucas Trancas
First 150 of 653 actions detected
| 0:01 | Queue | Villager (Male) |
| 0:02 | Build | House |
| 0:03 | Queue | Villager (Male) |
| 0:03 | Queue | Villager (Male) |
| 0:04 | Build | House |
| 0:05 | Queue | Villager (Male) |
| 0:05 | Queue | Villager (Male) |
| 0:06 | Queue | Villager (Male) |
| 1:07 | Research | Loom |
| 1:10 | Queue | Villager (Male) |
| 1:10 | Queue | Villager (Male) |
| 1:10 | Queue | Villager (Male) |
| 1:11 | Queue | Villager (Male) |
| 1:11 | Queue | Villager (Male) |
| 1:42 | Queue | Villager (Male) |
| 1:42 | Queue | Villager (Male) |
| 2:08 | Queue | Villager (Male) |
| 2:09 | Queue | Villager (Male) |
| 2:30 | Build | House |
| 2:33 | Queue | Villager (Male) |
| 2:34 | Queue | Villager (Male) |
| 3:37 | Build | House |
| 4:01 | Queue | Villager (Male) |
| 4:02 | Queue | Villager (Male) |
| 4:10 | Build | Lumber Camp |
| 4:22 | Queue | Villager (Male) |
| 4:34 | Queue | Villager (Male) |
| 4:52 | Queue | Villager (Male) |
| 5:15 | Queue | Villager (Male) |
| 5:53 | Build | Mill |
| 6:01 | Queue | Villager (Male) |
| 7:27 | Queue | Villager (Male) |
| 7:33 | Build | House |
| 7:48 | Research | Feudal Age |
| 7:55 | Build | Mining Camp |
| 9:13 | Build | House |
| 9:50 | Queue | Villager (Male) |
| 9:50 | Queue | Villager (Male) |
| 10:03 | Age | Feudal Age |
| 10:08 | Build | Blacksmith |
| 10:12 | Build | Market |
| 11:10 | Research | Castle Age |
| 11:17 | Build | Barracks |
| 11:45 | Research | Double-Bit Axe |
| 12:22 | Build | Stable |
| 12:27 | Queue | Villager (Male) |
| 12:27 | Queue | Villager (Male) |
| 13:20 | Build | Palisade Gate |
| 13:28 | Research | Bloodlines |
| 13:50 | Age | Castle Age |
| 13:53 | Queue | Knight ×2 |
| 14:01 | Build | Monastery |
| 14:11 | Build | Farm |
| 14:28 | Build | Farm |
| 14:31 | Queue | Villager (Male) |
| 14:31 | Queue | Villager (Male) |
| 14:47 | Build | Farm |
| 15:01 | Queue | Monk |
| 15:02 | Queue | Monk |
| 15:06 | Queue | Villager (Male) |
| 15:09 | Build | Farm |
| 15:29 | Queue | Villager (Male) |
| 15:45 | Build | Farm |
| 15:49 | Build | House |
| 15:56 | Research | Town Watch |
| 16:14 | Queue | Knight ×2 |
| 16:15 | Queue | Villager (Male) |
| 16:40 | Build | Town Center |
| 16:44 | Queue | Villager (Male) |
| 17:00 | Build | House |
| 17:07 | Build | Farm |
| 17:26 | Queue | Knight |
| 17:57 | Build | Farm |
| 18:05 | Build | Palisade Wall |
| 18:22 | Queue | Knight |
| 18:23 | Queue | Villager (Male) |
| 18:23 | Queue | Villager (Male) |
| 18:25 | Build | Farm |
| 18:26 | Queue | Villager (Male) |
| 18:30 | Research | Horse Collar |
| 18:30 | Research | Horse Collar |
| 18:31 | Queue | Villager (Male) |
| 18:31 | Queue | Villager (Male) |
| 18:34 | Queue | Villager (Male) |
| 18:34 | Queue | Villager (Male) |
| 18:54 | Build | Farm |
| 18:58 | Build | Farm |
| 18:58 | Build | Farm |
| 18:58 | Build | Farm |
| 18:58 | Build | Farm |
| 18:59 | Build | Farm |
| 18:59 | Queue | Villager (Male) |
| 18:59 | Queue | Villager (Male) |
| 19:14 | Queue | Villager (Male) |
| 19:16 | Build | Farm |
| 19:19 | Build | Farm |
| 19:38 | Queue | Villager (Male) |
| 19:43 | Queue | Villager (Male) |
| 19:43 | Queue | Villager (Male) |
| 19:47 | Build | Farm |
| 20:01 | Queue | Villager (Male) |
| 20:02 | Queue | Villager (Male) |
| 20:06 | Build | House |
| 20:08 | Build | House |
| 20:09 | Build | House |
| 20:28 | Queue | Villager (Male) |
| 20:30 | Build | Farm |
| 20:46 | Queue | Villager (Male) |
| 20:46 | Queue | Villager (Male) |
| 20:52 | Build | Mill |
| 20:52 | Queue | Villager (Male) |
| 21:34 | Queue | Villager (Male) |
| 21:35 | Queue | Knight ×4 |
| 21:50 | Build | Stable |
| 21:52 | Build | House |
| 21:53 | Queue | Villager (Male) |
| 21:57 | Build | Farm |
| 21:57 | Build | Farm |
| 21:58 | Build | Farm |
| 21:58 | Build | Farm |
| 21:58 | Build | Farm |
| 22:04 | Queue | Villager (Male) |
| 22:04 | Queue | Villager (Male) |
| 22:13 | Queue | Villager (Male) |
| 22:48 | Queue | Knight ×4 |
| 22:48 | Queue | Villager (Male) |
| 22:49 | Queue | Villager (Male) |
| 22:56 | Build | Farm |
| 22:57 | Queue | Villager (Male) |
| 22:59 | Build | Farm |
| 23:04 | Build | Lumber Camp |
| 23:10 | Queue | Villager (Male) |
| 23:20 | Queue | Villager (Male) |
| 23:36 | Queue | Knight ×2 |
| 23:50 | Queue | Villager (Male) |
| 24:12 | Build | Mining Camp |
| 24:14 | Research | Husbandry |
| 24:21 | Research | Scale Barding Armor |
| 24:24 | Build | House |
| 24:28 | Build | House |
| 24:28 | Build | House |
| 24:29 | Build | House |
| 24:30 | Build | House |
| 24:30 | Build | House |
| 24:30 | Build | House |
| 24:31 | Build | House |
| 24:31 | Build | House |
| 24:31 | Build | House |
| 24:32 | Build | House |
| 24:33 | Queue | Villager (Male) |
Build order — PJtheDcoy
First 150 of 458 actions detected
| 0:00 | Queue | Villager (Male) |
| 0:01 | Queue | Villager (Male) |
| 0:01 | Queue | Villager (Male) |
| 0:02 | Queue | Villager (Male) |
| 0:03 | Build | House |
| 0:04 | Build | House |
| 0:17 | Research | Loom |
| 0:17 | Research | Loom |
| 0:18 | Queue | Villager (Male) |
| 0:18 | Queue | Villager (Male) |
| 0:19 | Queue | Villager (Male) |
| 0:19 | Queue | Villager (Male) |
| 1:29 | Build | Lumber Camp |
| 1:32 | Queue | Villager (Male) |
| 1:52 | Queue | Villager (Male) |
| 2:54 | Queue | Villager (Male) |
| 2:54 | Queue | Villager (Male) |
| 3:03 | Build | House |
| 3:20 | Queue | Villager (Male) |
| 3:37 | Queue | Villager (Male) |
| 4:35 | Queue | Villager (Male) |
| 5:02 | Build | Mill |
| 5:17 | Build | House |
| 5:20 | Build | House |
| 5:27 | Queue | Villager (Male) |
| 5:54 | Queue | Villager (Male) |
| 5:54 | Queue | Villager (Male) |
| 6:05 | Build | Palisade Wall |
| 6:38 | Queue | Villager (Male) |
| 6:38 | Queue | Villager (Male) |
| 7:37 | Build | Mill |
| 7:40 | Queue | Villager (Male) |
| 7:43 | Build | Mining Camp |
| 8:04 | Research | Feudal Age |
| 8:11 | Build | House |
| 8:12 | Build | House |
| 8:16 | Build | Palisade Gate |
| 8:23 | Build | Barracks |
| 8:33 | Queue | Villager (Male) |
| 8:52 | Queue | Villager (Male) |
| 9:29 | Build | House |
| 10:15 | Age | Feudal Age |
| 10:17 | Build | Archery Range |
| 10:22 | Build | Blacksmith |
| 10:37 | Build | Archery Range |
| 10:41 | Build | Palisade Wall |
| 10:47 | Build | House |
| 10:47 | Build | Palisade Wall |
| 10:53 | Build | Palisade Gate |
| 11:01 | Queue | Villager (Male) |
| 11:01 | Queue | Villager (Male) |
| 11:06 | Research | Double-Bit Axe |
| 11:47 | Queue | Villager (Male) |
| 11:47 | Queue | Villager (Male) |
| 11:48 | Research | Horse Collar |
| 11:59 | Queue | Archer |
| 12:00 | Queue | Archer |
| 12:07 | Queue | Villager (Male) |
| 12:07 | Queue | Villager (Male) |
| 12:23 | Queue | Archer |
| 12:23 | Queue | Archer |
| 12:54 | Build | Lumber Camp |
| 13:06 | Build | Palisade Wall |
| 13:13 | Build | Farm |
| 13:14 | Build | Farm |
| 13:19 | Queue | Archer |
| 13:19 | Queue | Archer |
| 13:20 | Queue | Archer |
| 13:23 | Queue | Villager (Male) |
| 14:03 | Build | Farm |
| 14:07 | Queue | Villager (Male) |
| 14:08 | Queue | Villager (Male) |
| 14:14 | Queue | Villager (Male) |
| 14:15 | Queue | Villager (Male) |
| 14:18 | Research | Wheelbarrow |
| 14:35 | Build | Mill |
| 14:58 | Build | Farm |
| 15:01 | Build | Farm |
| 15:05 | Build | Farm |
| 15:08 | Build | Farm |
| 15:51 | Build | Farm |
| 15:55 | Queue | Archer |
| 15:55 | Queue | Archer |
| 15:58 | Queue | Archer |
| 15:58 | Queue | Archer |
| 16:04 | Research | Fletching |
| 16:04 | Research | Padded Archer Armor |
| 16:35 | Build | Dock |
| 16:51 | Queue | Spearman |
| 16:51 | Queue | Spearman |
| 17:09 | Queue | Villager (Male) |
| 17:12 | Queue | Villager (Male) |
| 17:20 | Build | House |
| 17:45 | Build | House |
| 18:13 | Build | Mill |
| 18:17 | Build | Farm |
| 18:18 | Build | Farm |
| 18:23 | Build | Mining Camp |
| 18:25 | Queue | Villager (Male) |
| 18:32 | Queue | Demolition Raft |
| 18:32 | Queue | Demolition Raft |
| 18:43 | Queue | Demolition Raft |
| 18:44 | Queue | Demolition Raft |
| 18:47 | Queue | Demolition Raft |
| 18:48 | Queue | Demolition Raft |
| 18:52 | Queue | Fishing Ship |
| 18:52 | Queue | Fishing Ship |
| 19:29 | Research | Castle Age |
| 20:14 | Research | Gold Mining |
| 20:14 | Research | Stone Mining |
| 20:26 | Build | House |
| 20:26 | Build | House |
| 21:11 | Queue | Archer |
| 21:11 | Queue | Archer |
| 21:11 | Queue | Archer |
| 21:12 | Queue | Archer |
| 21:16 | Queue | Spearman |
| 21:16 | Queue | Spearman |
| 21:54 | Build | Stable |
| 21:58 | Build | Stable |
| 22:07 | Queue | Archer |
| 22:07 | Queue | Archer |
| 22:09 | Age | Castle Age |
| 22:14 | Research | Squires |
| 22:15 | Research | Pikeman (upgrade) |
| 22:19 | Research | Crossbowman (upgrade) |
| 22:20 | Research | Bodkin Arrow |
| 23:31 | Queue | Villager (Male) |
| 23:32 | Queue | Villager (Male) |
| 23:32 | Queue | Villager (Male) |
| 23:32 | Queue | Villager (Male) |
| 23:40 | Queue | Archer |
| 23:40 | Queue | Archer |
| 23:42 | Queue | Archer |
| 23:42 | Research | Thumb Ring |
| 23:46 | Research | Bow Saw |
| 23:52 | Build | Lumber Camp |
| 24:57 | Build | University |
| 25:13 | Queue | Villager (Male) ×5 |
| 25:17 | Build | House |
| 25:18 | Build | House |
| 25:23 | Research | Husbandry |
| 25:24 | Research | Bloodlines |
| 25:26 | Queue | Camel Scout |
| 25:27 | Queue | Camel Scout |
| 25:27 | Queue | Camel Scout |
| 25:29 | Research | Scale Barding Armor |
| 25:30 | Research | Forging |
| 26:02 | Queue | Archer |
| 26:03 | Queue | Archer |
Build order — [DCNC] RicardoPN
First 150 of 471 actions detected
| 0:03 | Research | Loom |
| 0:03 | Queue | Villager (Male) |
| 0:03 | Queue | Villager (Male) |
| 0:04 | Queue | Villager (Male) |
| 0:04 | Queue | Villager (Male) |
| 0:06 | Build | House |
| 0:08 | Build | House |
| 0:48 | Build | Lumber Camp |
| 1:31 | Queue | Villager (Male) |
| 1:32 | Queue | Villager (Male) |
| 2:07 | Queue | Villager (Male) |
| 2:07 | Queue | Villager (Male) |
| 2:07 | Queue | Villager (Male) |
| 2:19 | Build | House |
| 2:40 | Queue | Villager (Male) |
| 2:40 | Queue | Villager (Male) |
| 2:44 | Build | Mill |
| 3:24 | Queue | Villager (Male) |
| 3:40 | Queue | Villager (Male) |
| 3:40 | Queue | Villager (Male) |
| 4:05 | Queue | Villager (Male) |
| 4:33 | Queue | Villager (Male) |
| 4:33 | Queue | Villager (Male) |
| 4:34 | Queue | Villager (Male) |
| 4:34 | Queue | Villager (Male) |
| 4:49 | Build | House |
| 4:53 | Build | House |
| 5:07 | Queue | Villager (Male) |
| 5:48 | Queue | Villager (Male) |
| 6:47 | Build | Barracks |
| 6:47 | Queue | Villager (Male) |
| 6:48 | Queue | Villager (Male) |
| 8:17 | Research | Feudal Age |
| 8:24 | Build | Mill |
| 9:06 | Queue | Villager (Male) |
| 9:07 | Queue | Villager (Male) |
| 9:53 | Build | Lumber Camp |
| 10:27 | Age | Feudal Age |
| 10:33 | Research | Double-Bit Axe |
| 10:36 | Queue | Villager (Male) |
| 10:36 | Queue | Villager (Male) |
| 10:36 | Queue | Villager (Male) |
| 10:48 | Build | Mining Camp |
| 11:11 | Build | Archery Range |
| 11:14 | Build | House |
| 11:21 | Build | Palisade Wall |
| 11:27 | Queue | Villager (Male) |
| 11:27 | Queue | Villager (Male) |
| 11:57 | Build | Palisade Wall |
| 12:28 | Queue | Villager (Male) |
| 12:33 | Queue | Archer |
| 12:34 | Queue | Archer |
| 12:34 | Queue | Archer |
| 12:39 | Build | Archery Range |
| 12:58 | Build | Farm |
| 13:00 | Build | Farm |
| 13:23 | Build | Palisade Wall |
| 13:25 | Queue | Archer |
| 13:25 | Queue | Archer |
| 13:40 | Queue | Villager (Male) |
| 14:02 | Research | Gold Mining |
| 14:04 | Queue | Archer |
| 14:05 | Queue | Archer |
| 14:13 | Build | House |
| 14:17 | Build | House |
| 14:34 | Queue | Archer |
| 14:34 | Queue | Archer |
| 14:41 | Build | Farm |
| 14:44 | Build | Farm |
| 14:46 | Queue | Villager (Male) |
| 14:47 | Queue | Villager (Male) |
| 14:48 | Queue | Villager (Male) |
| 14:57 | Build | Blacksmith |
| 15:02 | Queue | Archer |
| 15:02 | Queue | Archer |
| 15:09 | Build | Farm |
| 15:11 | Queue | Villager (Male) |
| 15:16 | Build | Farm |
| 15:38 | Build | Palisade Wall |
| 15:44 | Build | House |
| 16:25 | Research | Fletching |
| 16:26 | Queue | Villager (Male) |
| 16:26 | Queue | Villager (Male) |
| 16:28 | Build | Farm |
| 16:30 | Build | Farm |
| 16:32 | Build | Farm |
| 16:37 | Build | Farm |
| 16:38 | Queue | Archer |
| 16:38 | Queue | Archer |
| 16:40 | Queue | Archer |
| 16:41 | Queue | Villager (Male) |
| 16:48 | Build | House |
| 16:49 | Build | House |
| 17:01 | Build | Farm |
| 17:14 | Build | Farm |
| 17:22 | Queue | Archer |
| 17:23 | Queue | Archer |
| 17:24 | Queue | Villager (Male) |
| 17:25 | Queue | Villager (Male) |
| 17:30 | Build | Farm |
| 17:52 | Build | House |
| 17:55 | Queue | Archer |
| 17:56 | Queue | Archer |
| 17:56 | Queue | Villager (Male) |
| 17:57 | Queue | Villager (Male) |
| 18:26 | Queue | Villager (Male) |
| 18:26 | Queue | Villager (Male) |
| 18:26 | Queue | Villager (Male) |
| 18:29 | Build | House |
| 19:06 | Build | House |
| 19:07 | Research | Castle Age |
| 19:13 | Build | House |
| 19:16 | Build | Farm |
| 19:21 | Build | Farm |
| 19:27 | Build | Farm |
| 19:45 | Research | Padded Archer Armor |
| 19:47 | Queue | Archer |
| 19:48 | Queue | Archer |
| 19:48 | Queue | Archer |
| 19:48 | Queue | Archer |
| 20:03 | Build | Mining Camp |
| 20:20 | Build | House |
| 21:57 | Queue | Villager (Male) |
| 21:58 | Queue | Villager (Male) |
| 21:58 | Queue | Villager (Male) |
| 21:59 | Queue | Archer |
| 21:59 | Queue | Archer |
| 21:59 | Queue | Archer |
| 22:00 | Queue | Archer |
| 22:00 | Queue | Archer |
| 22:00 | Queue | Archer |
| 22:03 | Age | Castle Age |
| 22:04 | Build | House |
| 22:07 | Research | Thumb Ring |
| 22:09 | Research | Crossbowman (upgrade) |
| 22:31 | Build | Town Center |
| 22:52 | Build | University |
| 22:53 | Queue | Villager (Male) |
| 22:53 | Queue | Villager (Male) |
| 22:54 | Queue | Villager (Male) |
| 23:13 | Build | Town Center |
| 23:22 | Queue | Villager (Male) |
| 23:22 | Queue | Villager (Male) |
| 23:25 | Research | Bodkin Arrow |
| 23:28 | Queue | Villager (Male) |
| 23:28 | Queue | Villager (Male) |
| 23:45 | Queue | Archer |
| 23:45 | Queue | Archer |
| 24:10 | Queue | Villager (Male) |
| 24:10 | Queue | Villager (Male) |
Build order — Quando
First 150 of 695 actions detected
| 0:00 | Queue | Villager (Male) |
| 0:01 | Queue | Villager (Male) |
| 0:01 | Queue | Villager (Male) |
| 0:05 | Build | House |
| 0:06 | Build | House |
| 0:10 | Research | Loom |
| 0:27 | Queue | Villager (Male) |
| 0:28 | Queue | Villager (Male) |
| 0:54 | Queue | Villager (Male) |
| 1:00 | Queue | Villager (Male) |
| 1:11 | Build | Settlement |
| 1:23 | Queue | Villager (Male) |
| 1:38 | Queue | Villager (Male) |
| 1:58 | Queue | Villager (Male) |
| 2:48 | Build | House |
| 2:58 | Queue | Villager (Male) |
| 3:06 | Queue | Villager (Male) |
| 3:37 | Build | Settlement |
| 4:19 | Queue | Villager (Male) |
| 4:43 | Queue | Villager (Male) |
| 5:01 | Queue | Villager (Male) |
| 5:24 | Build | Settlement |
| 5:38 | Queue | Villager (Male) |
| 5:38 | Queue | Villager (Male) |
| 5:52 | Queue | Villager (Male) |
| 6:32 | Queue | Villager (Male) |
| 6:40 | Queue | Villager (Male) |
| 7:01 | Build | Settlement |
| 7:46 | Research | Feudal Age |
| 8:26 | Build | Palisade Wall |
| 8:27 | Build | Palisade Wall |
| 8:28 | Build | Palisade Wall |
| 8:28 | Build | Palisade Wall |
| 8:58 | Queue | Villager (Male) |
| 9:56 | Age | Feudal Age |
| 9:58 | Build | Market |
| 10:01 | Build | Blacksmith |
| 10:12 | Queue | Villager (Male) |
| 10:22 | Build | Palisade Wall |
| 10:24 | Build | Palisade Wall |
| 10:47 | Research | Castle Age |
| 11:06 | Build | House |
| 11:11 | Research | Double-Bit Axe |
| 11:27 | Build | Palisade Gate |
| 11:41 | Build | Palisade Wall |
| 11:44 | Queue | Villager (Male) |
| 12:01 | Build | Barracks |
| 13:19 | Build | Archery Range |
| 13:27 | Age | Castle Age |
| 13:28 | Build | Town Center |
| 13:30 | Queue | Villager (Male) |
| 14:08 | Queue | Villager (Male) |
| 14:29 | Build | Palisade Wall |
| 14:31 | Build | Palisade Wall |
| 14:35 | Build | Town Center |
| 14:45 | Queue | Villager (Male) |
| 14:45 | Queue | Villager (Male) |
| 14:48 | Research | Bow Saw |
| 14:57 | Queue | Archer |
| 15:05 | Build | House |
| 15:20 | Queue | Villager (Male) |
| 15:21 | Queue | Villager (Male) |
| 15:22 | Queue | Villager (Male) |
| 15:41 | Build | Stone Wall |
| 15:43 | Build | Palisade Gate |
| 15:54 | Queue | Villager (Male) |
| 15:55 | Queue | Villager (Male) |
| 16:12 | Queue | Spearman |
| 16:27 | Build | House |
| 16:32 | Queue | Spearman |
| 16:43 | Queue | Villager (Male) |
| 16:44 | Queue | Villager (Male) |
| 17:13 | Build | Monastery |
| 17:14 | Queue | Villager (Male) |
| 17:14 | Queue | Villager (Male) |
| 17:20 | Queue | Villager (Male) |
| 17:23 | Build | House |
| 17:24 | Build | House |
| 17:25 | Build | House |
| 17:26 | Queue | Archer |
| 17:26 | Queue | Archer |
| 17:27 | Queue | Villager (Male) |
| 17:27 | Queue | Villager (Male) |
| 17:32 | Queue | Spearman |
| 17:38 | Build | House |
| 17:55 | Build | Palisade Wall |
| 18:02 | Queue | Villager (Male) |
| 18:02 | Queue | Villager (Male) |
| 18:06 | Queue | Villager (Male) |
| 18:06 | Queue | Villager (Male) |
| 18:12 | Queue | Archer |
| 18:17 | Queue | Archer |
| 18:26 | Queue | Villager (Male) |
| 18:26 | Queue | Villager (Male) |
| 18:43 | Queue | Villager (Male) |
| 18:43 | Queue | Villager (Male) |
| 18:55 | Queue | Villager (Male) |
| 18:56 | Queue | Villager (Male) |
| 18:58 | Queue | Archer |
| 18:58 | Queue | Archer |
| 19:16 | Queue | Villager (Male) |
| 19:24 | Queue | Villager (Male) |
| 19:24 | Queue | Villager (Male) |
| 19:28 | Build | Farm |
| 19:29 | Build | Farm |
| 19:35 | Build | Archery Range |
| 19:40 | Research | Fletching |
| 19:42 | Queue | Archer |
| 20:00 | Queue | Villager (Male) |
| 20:03 | Queue | Villager (Male) |
| 20:29 | Build | House |
| 20:44 | Queue | Archer |
| 20:44 | Queue | Archer |
| 20:50 | Queue | Villager (Male) |
| 20:51 | Queue | Villager (Male) |
| 20:51 | Queue | Villager (Male) |
| 21:11 | Build | Farm |
| 21:12 | Build | Farm |
| 21:21 | Research | Crossbowman (upgrade) |
| 21:22 | Queue | Villager (Male) |
| 21:25 | Queue | Monk |
| 21:32 | Queue | Villager (Male) |
| 21:50 | Queue | Villager (Male) |
| 21:50 | Queue | Villager (Male) |
| 22:08 | Research | Bodkin Arrow |
| 22:09 | Queue | Archer |
| 22:09 | Queue | Archer |
| 22:41 | Queue | Villager (Male) |
| 22:41 | Queue | Villager (Male) |
| 22:42 | Build | Farm |
| 23:05 | Build | House |
| 23:06 | Build | House |
| 23:09 | Queue | Villager (Male) |
| 23:09 | Queue | Villager (Male) |
| 23:18 | Queue | Trade Cart |
| 23:26 | Queue | Monk |
| 23:28 | Queue | Villager (Male) |
| 23:29 | Queue | Villager (Male) |
| 23:29 | Queue | Villager (Male) |
| 23:29 | Queue | Villager (Male) |
| 23:31 | Build | Farm |
| 23:31 | Build | Farm |
| 23:31 | Build | Farm |
| 23:32 | Build | Farm |
| 23:32 | Build | Farm |
| 23:32 | Build | Farm |
| 23:44 | Queue | Villager (Male) |
| 23:44 | Queue | Villager (Male) |
| 24:00 | Build | Town Center |
| 24:03 | Queue | Archer |
Build order — [DCNC] Brunin
First 150 of 976 actions detected
| 0:01 | Queue | Villager (Male) |
| 0:01 | Queue | Villager (Male) |
| 0:02 | Queue | Villager (Male) |
| 0:03 | Build | House |
| 0:05 | Build | House |
| 0:06 | Build | House |
| 0:34 | Queue | Villager (Male) |
| 0:34 | Queue | Villager (Male) |
| 1:19 | Build | Lumber Camp |
| 1:32 | Queue | Villager (Male) |
| 2:03 | Queue | Villager (Male) |
| 2:03 | Queue | Villager (Male) |
| 2:52 | Queue | Villager (Male) |
| 3:08 | Queue | Villager (Male) |
| 3:34 | Build | Mill |
| 3:37 | Queue | Villager (Male) |
| 4:11 | Queue | Villager (Male) |
| 4:18 | Build | House |
| 4:25 | Queue | Villager (Male) |
| 4:45 | Queue | Villager (Male) |
| 5:01 | Queue | Villager (Male) |
| 5:20 | Queue | Villager (Male) |
| 5:42 | Queue | Villager (Male) |
| 6:08 | Build | House |
| 6:18 | Queue | Villager (Male) |
| 6:29 | Build | House |
| 7:29 | Queue | Villager (Male) |
| 7:36 | Build | Mill |
| 8:03 | Research | Feudal Age |
| 8:30 | Research | Loom |
| 9:17 | Build | House |
| 9:34 | Build | Barracks |
| 10:02 | Queue | Villager (Male) |
| 10:04 | Queue | Villager (Male) |
| 10:13 | Age | Feudal Age |
| 10:17 | Research | Double-Bit Axe |
| 10:39 | Build | Stable |
| 10:42 | Build | House |
| 10:43 | Queue | Villager (Male) |
| 11:16 | Research | Double-Bit Axe |
| 11:23 | Queue | Scout Cavalry |
| 11:23 | Queue | Scout Cavalry |
| 11:24 | Queue | Scout Cavalry |
| 11:26 | Queue | Villager (Male) |
| 11:57 | Queue | Scout Cavalry |
| 12:07 | Queue | Villager (Male) |
| 12:20 | Build | Blacksmith |
| 12:22 | Build | House |
| 12:32 | Queue | Villager (Male) |
| 12:34 | Queue | Scout Cavalry |
| 12:55 | Build | Lumber Camp |
| 12:58 | Build | Mining Camp |
| 13:00 | Queue | Villager (Male) |
| 13:03 | Queue | Scout Cavalry |
| 13:04 | Research | Forging |
| 13:24 | Queue | Villager (Male) |
| 13:29 | Build | Pasture |
| 13:44 | Research | Tech 1014 |
| 13:46 | Queue | Villager (Male) |
| 13:54 | Queue | Villager (Male) |
| 14:01 | Build | Dock |
| 14:10 | Build | Pasture |
| 14:10 | Build | Pasture |
| 14:10 | Build | Pasture |
| 14:11 | Build | Pasture |
| 14:11 | Build | Pasture |
| 14:11 | Build | Pasture |
| 14:11 | Build | Pasture |
| 14:15 | Queue | Villager (Male) |
| 14:18 | Build | House |
| 14:19 | Build | House |
| 14:35 | Build | Pasture |
| 14:35 | Build | Pasture |
| 14:36 | Build | Pasture |
| 14:36 | Build | Pasture |
| 14:36 | Build | Pasture |
| 14:45 | Queue | Scout Cavalry |
| 14:45 | Queue | Scout Cavalry |
| 14:59 | Build | Mill |
| 15:28 | Build | Pasture |
| 15:28 | Build | Pasture |
| 15:29 | Build | Pasture |
| 15:32 | Queue | Villager (Male) |
| 15:32 | Queue | Villager (Male) |
| 16:09 | Build | Pasture |
| 16:10 | Queue | Villager (Male) |
| 16:10 | Queue | Villager (Male) |
| 16:22 | Queue | Villager (Male) |
| 16:22 | Queue | Villager (Male) |
| 16:42 | Queue | Villager (Male) |
| 16:42 | Queue | Villager (Male) |
| 16:45 | Build | Pasture |
| 16:46 | Build | Pasture |
| 16:46 | Build | Pasture |
| 16:46 | Build | Pasture |
| 16:46 | Build | Pasture |
| 16:47 | Build | Pasture |
| 16:53 | Queue | Villager (Male) |
| 16:53 | Queue | Villager (Male) |
| 16:59 | Build | Palisade Wall |
| 17:00 | Build | Palisade Wall |
| 17:01 | Queue | Fishing Ship |
| 17:14 | Queue | Villager (Male) |
| 17:14 | Queue | Villager (Male) |
| 17:18 | Build | Pasture |
| 17:19 | Queue | Villager (Male) |
| 17:38 | Queue | Villager (Male) |
| 17:38 | Queue | Villager (Male) |
| 17:52 | Queue | Scout Cavalry |
| 17:52 | Queue | Scout Cavalry |
| 18:00 | Queue | Fishing Ship |
| 18:09 | Build | Pasture |
| 18:10 | Queue | Villager (Male) |
| 18:11 | Queue | Villager (Male) |
| 18:30 | Queue | Villager (Male) |
| 18:30 | Queue | Villager (Male) |
| 18:58 | Queue | Fishing Ship |
| 19:19 | Queue | Villager (Male) |
| 19:24 | Build | Pasture |
| 19:24 | Build | Pasture |
| 19:25 | Build | Pasture |
| 19:25 | Build | Pasture |
| 19:25 | Build | Pasture |
| 19:26 | Build | Pasture |
| 19:26 | Build | Pasture |
| 19:26 | Build | Pasture |
| 19:39 | Research | Castle Age |
| 20:48 | Build | House |
| 20:49 | Build | House |
| 20:52 | Build | Lumber Camp |
| 20:56 | Build | Stable |
| 21:23 | Research | Scale Barding Armor |
| 21:29 | Queue | Villager (Male) |
| 21:29 | Queue | Villager (Male) |
| 21:30 | Queue | Villager (Male) |
| 21:30 | Queue | Villager (Male) |
| 21:39 | Queue | Scout Cavalry |
| 21:40 | Queue | Scout Cavalry |
| 21:40 | Queue | Scout Cavalry |
| 21:56 | Queue | Fishing Ship |
| 22:07 | Queue | Scout Cavalry |
| 22:08 | Queue | Scout Cavalry |
| 22:08 | Queue | Scout Cavalry |
| 22:18 | Queue | Scout Cavalry |
| 22:35 | Age | Castle Age |
| 22:40 | Build | Town Center |
| 22:41 | Queue | Villager (Male) |
| 22:41 | Queue | Villager (Male) |
| 22:42 | Queue | Villager (Male) |
| 22:48 | Research | Light Cavalry (upgrade) |
Build order — Fr4ggi
First 150 of 343 actions detected
| 0:05 | Queue | Villager (Male) |
| 0:05 | Queue | Villager (Male) |
| 0:09 | Build | House |
| 0:11 | Build | House |
| 0:20 | Build | House |
| 0:22 | Research | Loom |
| 0:56 | Queue | Villager (Male) |
| 0:56 | Queue | Villager (Male) |
| 1:30 | Build | Mill |
| 1:41 | Queue | Villager (Male) |
| 2:13 | Queue | Villager (Male) |
| 2:29 | Queue | Villager (Male) |
| 3:34 | Queue | Villager (Male) |
| 3:35 | Queue | Villager (Male) |
| 4:45 | Queue | Villager (Male) |
| 5:44 | Queue | Villager (Male) |
| 5:45 | Queue | Villager (Male) |
| 6:30 | Queue | Villager (Male) |
| 7:09 | Queue | Villager (Male) |
| 7:10 | Queue | Villager (Male) |
| 7:40 | Build | House |
| 7:44 | Build | Lumber Camp |
| 8:19 | Queue | Villager (Male) |
| 8:23 | Build | House |
| 9:11 | Research | Feudal Age |
| 9:27 | Build | Palisade Wall |
| 9:40 | Build | Palisade Wall |
| 9:55 | Build | Palisade Wall |
| 10:01 | Queue | Villager (Male) |
| 10:37 | Build | Mining Camp |
| 11:15 | Age | Feudal Age |
| 11:18 | Build | Palisade Wall |
| 11:50 | Build | Farm |
| 11:53 | Build | Farm |
| 12:02 | Build | Barracks |
| 12:44 | Build | Lumber Camp |
| 12:57 | Queue | Villager (Male) |
| 13:32 | Build | House |
| 13:34 | Build | Farm |
| 14:12 | Build | House |
| 14:22 | Build | Stable |
| 14:27 | Queue | Villager (Male) |
| 14:47 | Queue | Villager (Male) |
| 14:56 | Build | Farm |
| 15:21 | Build | Farm |
| 15:34 | Build | Blacksmith |
| 15:54 | Queue | Villager (Male) |
| 16:22 | Queue | Villager (Male) |
| 16:27 | Research | Castle Age |
| 17:30 | Queue | Spearman |
| 17:30 | Queue | Spearman |
| 18:54 | Age | Castle Age |
| 18:58 | Queue | Villager (Male) |
| 18:58 | Queue | Villager (Male) |
| 19:38 | Build | Palisade Gate |
| 19:53 | Build | Town Center |
| 20:02 | Build | Farm |
| 20:06 | Build | Farm |
| 20:24 | Research | Bloodlines |
| 20:25 | Research | Husbandry |
| 20:34 | Research | Scale Barding Armor |
| 20:37 | Queue | Villager (Male) |
| 20:57 | Build | Farm |
| 21:00 | Queue | Villager (Male) |
| 21:05 | Build | Farm |
| 21:09 | Queue | Villager (Male) |
| 21:19 | Build | Farm |
| 21:24 | Build | Farm |
| 21:27 | Queue | Villager (Male) |
| 21:31 | Queue | Knight |
| 21:43 | Build | Farm |
| 21:53 | Queue | Villager (Male) |
| 22:00 | Build | Farm |
| 22:03 | Queue | Villager (Male) |
| 22:18 | Build | Farm |
| 22:26 | Build | Farm |
| 22:45 | Build | Farm |
| 22:47 | Queue | Villager (Male) |
| 22:48 | Queue | Villager (Male) |
| 22:49 | Queue | Villager (Male) |
| 23:04 | Research | Horse Collar |
| 23:16 | Build | Farm |
| 23:18 | Queue | Villager (Male) |
| 23:24 | Build | Farm |
| 23:25 | Queue | Villager (Male) |
| 23:46 | Build | Farm |
| 23:47 | Queue | Villager (Male) |
| 24:04 | Build | Farm |
| 24:05 | Queue | Villager (Male) |
| 24:08 | Queue | Knight |
| 24:15 | Build | Farm |
| 24:16 | Queue | Villager (Male) |
| 24:19 | Queue | Villager (Male) |
| 24:25 | Build | Farm |
| 24:34 | Research | Double-Bit Axe |
| 24:39 | Build | Farm |
| 24:43 | Queue | Knight |
| 24:49 | Build | House |
| 24:51 | Build | House |
| 24:57 | Queue | Villager (Male) |
| 24:57 | Queue | Villager (Male) |
| 25:26 | Research | Forging |
| 25:30 | Research | Bow Saw |
| 26:03 | Build | Farm |
| 26:04 | Queue | Knight |
| 26:11 | Queue | Villager (Male) |
| 26:12 | Research | Wheelbarrow |
| 26:17 | Build | Farm |
| 26:22 | Queue | Villager (Male) |
| 26:27 | Queue | Knight |
| 26:32 | Build | Farm |
| 26:40 | Queue | Villager (Male) |
| 26:56 | Build | Farm |
| 26:59 | Queue | Villager (Male) |
| 27:02 | Queue | Villager (Male) |
| 27:05 | Build | Farm |
| 27:09 | Queue | Knight |
| 27:14 | Research | Gold Mining |
| 27:30 | Build | Farm |
| 27:34 | Build | Farm |
| 27:35 | Queue | Villager (Male) |
| 27:39 | Queue | Knight |
| 27:51 | Build | House |
| 27:53 | Build | House |
| 27:57 | Build | House |
| 28:00 | Queue | Villager (Male) |
| 28:00 | Queue | Villager (Male) |
| 28:06 | Research | Hand Cart |
| 29:00 | Queue | Villager (Male) |
| 29:00 | Queue | Villager (Male) |
| 29:03 | Build | Farm |
| 29:05 | Queue | Villager (Male) |
| 29:05 | Queue | Villager (Male) |
| 29:13 | Queue | Knight |
| 29:14 | Queue | Knight |
| 29:17 | Research | Chain Barding Armor |
| 29:23 | Research | Heavy Plow |
| 29:42 | Queue | Villager (Male) |
| 30:39 | Queue | Camel Scout |
| 30:40 | Queue | Camel Scout |
| 31:00 | Build | Stable |
| 31:12 | Research | Iron Casting |
| 31:25 | Queue | Camel Scout |
| 31:26 | Queue | Knight |
| 31:42 | Build | Siege Workshop |
| 32:01 | Queue | Camel Scout |
| 32:01 | Queue | Camel Scout |
| 32:13 | Build | House |
| 32:17 | Build | House |
| 32:18 | Build | House |
Match timeline
| 6:05 | PJtheDcoy · wall_segment Palisade Wall x7 |
| 6:47 | [DCNC] RicardoPN · first_building Barracks |
| 8:23 | PJtheDcoy · first_building Barracks |
| 8:26 | Quando · wall_segment Palisade Wall x1 |
| 8:27 | Quando · wall_segment Palisade Wall x1 |
| 8:28 | Quando · wall_segment Palisade Wall x1 |
| 8:28 | Quando · wall_segment Palisade Wall x1 |
| 9:27 | Fr4ggi · wall_segment Palisade Wall x10 |
| 9:34 | [DCNC] Brunin · first_building Barracks |
| 9:40 | Fr4ggi · wall_segment Palisade Wall x12 |
| 9:55 | Fr4ggi · wall_segment Palisade Wall x7 |
| 9:56 | Quando · age_up feudal |
| 10:03 | [DCNC] Poucas Trancas · age_up feudal |
| 10:13 | [DCNC] Brunin · age_up feudal |
| 10:15 | PJtheDcoy · age_up feudal |
| 10:17 | PJtheDcoy · first_building Archery Range |
| 10:22 | Quando · wall_segment Palisade Wall x1 |
| 10:24 | Quando · wall_segment Palisade Wall x5 |
| 10:27 | [DCNC] RicardoPN · age_up feudal |
| 10:39 | [DCNC] Brunin · first_building Stable |
| 10:41 | PJtheDcoy · wall_segment Palisade Wall x5 |
| 10:47 | PJtheDcoy · wall_segment Palisade Wall x1 |
| 11:11 | [DCNC] RicardoPN · first_building Archery Range |
| 11:15 | Fr4ggi · age_up feudal |
| 11:17 | [DCNC] Poucas Trancas · first_building Barracks |
| 11:18 | Fr4ggi · wall_segment Palisade Wall x3 |
| 11:21 | [DCNC] RicardoPN · wall_segment Palisade Wall x1 |
| 11:41 | Quando · wall_segment Palisade Wall x9 |
| 11:57 | [DCNC] RicardoPN · wall_segment Palisade Wall x8 |
| 12:01 | Quando · first_building Barracks |
| 12:02 | Fr4ggi · first_building Barracks |
| 12:22 | [DCNC] Poucas Trancas · first_building Stable |
| 13:06 | PJtheDcoy · wall_segment Palisade Wall x10 |
| 13:19 | Quando · first_building Archery Range |
| 13:23 | [DCNC] RicardoPN · wall_segment Palisade Wall x14 |
| 13:27 | Quando · age_up castle |
| 13:50 | [DCNC] Poucas Trancas · age_up castle |
| 14:01 | [DCNC] Brunin · first_building Dock |
| 14:01 | [DCNC] Poucas Trancas · first_building Monastery |
| 14:22 | Fr4ggi · first_building Stable |
| 14:29 | Quando · wall_segment Palisade Wall x1 |
| 14:31 | Quando · wall_segment Palisade Wall x4 |
| 15:38 | [DCNC] RicardoPN · wall_segment Palisade Wall x7 |
| 15:41 | Quando · wall_segment Stone Wall x1 |
| 16:35 | PJtheDcoy · first_building Dock |
| 16:59 | [DCNC] Brunin · wall_segment Palisade Wall x1 |
| 17:00 | [DCNC] Brunin · wall_segment Palisade Wall x1 |
| 17:13 | Quando · first_building Monastery |
| 17:55 | Quando · wall_segment Palisade Wall x1 |
| 18:05 | [DCNC] Poucas Trancas · wall_segment Palisade Wall x10 |
| 18:54 | Fr4ggi · age_up castle |
| 21:19 | Quando · first_market_sell 100 stone |
| 21:54 | PJtheDcoy · first_building Stable |
| 22:03 | [DCNC] RicardoPN · age_up castle |
| 22:09 | PJtheDcoy · age_up castle |
| 22:35 | [DCNC] Brunin · age_up castle |
| 24:41 | [DCNC] Brunin · first_building Siege Workshop |
| 26:18 | PJtheDcoy · first_building Castle |
| 26:41 | Quando · first_building Castle |
| 31:42 | Fr4ggi · first_building Siege Workshop |
| 31:47 | PJtheDcoy · first_building Siege Workshop |
| 32:08 | [DCNC] RicardoPN · first_building Siege Workshop |
| 32:14 | [DCNC] Poucas Trancas · first_building Castle |
| 33:26 | Quando · first_market_buy 100 wood |
| 33:56 | Quando · age_up imperial |
| 34:19 | [DCNC] Brunin · first_building Archery Range |
| 34:58 | PJtheDcoy · wall_segment Stone Wall x3 |
| 35:07 | PJtheDcoy · wall_segment Stone Wall x9 |
| 36:08 | [DCNC] RicardoPN · age_up imperial |
| 36:19 | [DCNC] RicardoPN · first_building Castle |
| 37:03 | [DCNC] Poucas Trancas · first_market_sell 100 food |
| 39:36 | PJtheDcoy · age_up imperial |
| 39:52 | [DCNC] Brunin · age_up imperial |
| 39:55 | [DCNC] Brunin · first_building Castle |
| 40:20 | [DCNC] Poucas Trancas · age_up imperial |
| 41:19 | PJtheDcoy · first_market_sell 100 wood |
| 45:35 | [DCNC] Brunin · tribute_sent a jugador 1 |
| 45:35 | [DCNC] Brunin · tribute_sent a jugador 2 |
| 45:35 | [DCNC] Brunin · tribute_sent a jugador 3 |
| 45:35 | [DCNC] Brunin · tribute_sent a jugador 5 |
| 45:35 | [DCNC] Brunin · tribute_sent a jugador 6 |
| 46:27 | Fr4ggi · age_up imperial |
| 47:31 | [DCNC] Brunin · first_market_sell 100 stone |
| 48:05 | Fr4ggi · first_market_sell 500 wood |
| 49:11 | Fr4ggi · first_building Castle |
| 51:09 | [DCNC] RicardoPN · first_market_buy 500 food |
| 55:42 | Quando · wall_segment Stone Wall x8 |
| 55:45 | Quando · wall_segment Stone Wall x1 |
| 55:47 | Quando · wall_segment Stone Wall x20 |
| 56:34 | [DCNC] Brunin · tribute_sent a jugador 1 |
| 56:34 | [DCNC] Brunin · tribute_sent a jugador 2 |
| 56:34 | [DCNC] Brunin · tribute_sent a jugador 3 |
| 56:34 | [DCNC] Brunin · tribute_sent a jugador 5 |
| 56:34 | [DCNC] Brunin · tribute_sent a jugador 6 |
| 58:52 | Quando · wall_segment Stone Wall x10 |
| 60:36 | Quando · wall_segment Stone Wall x9 |
| 61:38 | Quando · wall_segment Stone Wall x1 |
| 61:52 | Quando · wall_segment Stone Wall x1 |
| 62:44 | Quando · wall_segment Stone Wall x5 |
| 68:06 | [DCNC] Brunin · tribute_sent a jugador 1 |
| 68:06 | [DCNC] Brunin · tribute_sent a jugador 2 |
| 68:06 | [DCNC] Brunin · tribute_sent a jugador 3 |
| 68:06 | [DCNC] Brunin · tribute_sent a jugador 5 |
| 68:06 | [DCNC] Brunin · tribute_sent a jugador 6 |
| 69:50 | [DCNC] Brunin · tribute_sent a jugador 1 |
| 69:50 | [DCNC] Brunin · tribute_sent a jugador 2 |
| 69:50 | [DCNC] Brunin · tribute_sent a jugador 3 |
| 69:50 | [DCNC] Brunin · tribute_sent a jugador 5 |
| 69:50 | [DCNC] Brunin · tribute_sent a jugador 6 |
| 70:52 | Fr4ggi · resign |
[ AI ANALYSIS · 1 CREDIT ]
What really happened in this match?
Wolo.gg analyzes every decision: build order, eco, micro, common mistakes by bracket. Personalized analysis on WhatsApp or Discord in 30 seconds.
Civ guide
Lithuanians
Perfil
Jugador #3218627